 Dungeon Crawl Stone Soup version 0.18-a0-1562-gac8da35 (webtiles) character file.

65 dvd the Firebug (level 3, -1/19 HPs)
             Began as a Deep Elf Fire Elementalist on Mar 13, 2016.
             Slain by Natasha (7 damage)
             ... on level 2 of the Dungeon.
             The game lasted 00:03:12 (1521 turns).

dvd the Firebug (Deep Elf Fire Elementalist)        Turns: 1521, Time: 00:03:12

Health: -1/19      AC:  5    Str: 10    XL:     3   Next: 92%
Magic:  1/10       EV: 12    Int: 20    God:
Gold:   56         SH:  0    Dex: 15    Spells: 2 memorised, 6 levels left

rFire  + . .     SeeInvis .     j - +2 short sword (holy)
rCold  . . .     Gourm    .     k - +2 leather armour {rF+}
rNeg   . . .     Faith    .     (no shield)
rPois  .         Spirit   .     (no helmet)
rElec  .         Dismiss  .     (no cloak)
rCorr  .         Reflect  .     (no gloves)
SustAt .         Harm     .     (no boots)
MR     .....                    (no amulet)
Stlth  ++........               (no ring)
                                (no ring)

@: mighty, very slightly contaminated, not resistant to hostile enchantments,
unstealthy
A: no striking features
a: no special abilities


You were on level 2 of the Dungeon.
You were not hungry.

You visited 1 branch of the dungeon, and saw 2 of its levels.

You collected 56 gold pieces.

Inventory:

Hand Weapons
 j - a +2 short sword of holy wrath (weapon)
Armour
 k - a +2 leather armour of fire resistance (worn)
Scrolls
 d - 2 scrolls of identify {unknown}
 e - a scroll of amnesia {unknown}
 m - a scroll of remove curse {unknown}
 o - a scroll of immolation {unknown}
 p - a scroll of teleportation {unknown}
Potions
 a - a potion of brilliance {unknown}
 f - 2 potions of might
 h - a potion of resistance {unknown}
 i - 2 potions of curing
Books
 b - a book of Flames

   Spells                             Type                      Level
   a - Flame Tongue                   Conjuration/Fire             1
   b - Throw Flame                    Conjuration/Fire             2
   c - Conjure Flame                  Conjuration/Fire             3
   d - Inner Flame                    Hexes/Fire                   3
   e - Sticky Flame                   Conjuration/Fire             4
   f - Fireball                       Conjuration/Fire             5
Comestibles
 c - 2 bread rations
 g - 6 fruits
 l - 2 meat rations
 n - 2 chunks of flesh


   Skills:
 + Level 0.1 Fighting
 + Level 2.8 Dodging
 + Level 2.8 Stealth
 + Level 3.7 Spellcasting
 + Level 1.5 Conjurations
 + Level 4.3 Fire Magic


You had 6 spell levels left.
You knew the following spells:

 Your Spells              Type           Power        Failure   Level  Hunger
a - Flame Tongue          Conj/Fire      ###..        8%          1    None
b - Throw Flame           Conj/Fire      ###...       12%         2    ##.....


Dungeon Overview and Level Annotations

Branches:
Dungeon (2/15)

Altars:
Okawaru
Xom

Annotations:
D:2 Natasha


Message History

It was a potion of might.
You feel very mighty all of a sudden. Natasha barely misses you.
Drink which item? (? for menu, Esc to quit)
It was a potion of curing.
You feel better. Natasha closely misses you.
Casting: Flame Tongue
Confirm with . or Enter, or press ? or * to list all spells.
Aiming: Flame Tongue
Press: ? - help, Shift-Dir - straight line, f/p - Natasha
Aim: Natasha You miscast Flame Tongue.
Nothing appears to happen.
Natasha casts a spell at you. The magic dart hits you!
Casting: Flame Tongue
Confirm with . or Enter, or press ? or * to list all spells.
Aiming: Flame Tongue
Press: ? - help, Shift-Dir - straight line, f/p - Natasha
Aim: Natasha You miscast Flame Tongue.
Sparks fly from your hands! Natasha claws you!
You die...

....................#..##<#
....................#.#####
.......................#...
#............#####'##
#....................
#....................
#....................
########............#.....##
#.........h@........#.#####
#..........##########.#
#..........# #.######
#...รท......# ####...)...
#..........# #..........
#...K......# #..........
#..........# #..........
#..........# #..........
#..........# #..........


You could see Natasha and a kobold (wandering).

Vanquished Creatures
  Natasha (D:2)
  2 adders (D:2)
  A dart slug (D:1)
  A giant gecko (D:1)
  A ball python (D:2)
  A bat (D:2)
  A goblin (D:1)
  5 hobgoblins
  2 giant newts (D:1)
  4 kobolds
  2 rats
21 creatures vanquished.

Notes
Turn   | Place    | Note
--------------------------------------------------------------
     0 | D:1      | dvd the Deep Elf Fire Elementalist began the quest for the Orb.
     0 | D:1      | Reached XP level 1. HP: 10/10 MP: 6/6
   226 | D:1      | Reached XP level 2. HP: 12/15 MP: 4/8
   305 | D:1      | Learned a level 2 spell: Throw Flame
   957 | D:2      | Reached skill level 4 in Fire Magic
  1023 | D:2      | Reached XP level 3. HP: 12/19 MP: 2/9
  1393 | D:2      | Found a shimmering altar of Xom.
  1393 | D:2      | Found an iron altar of Okawaru.
  1471 | D:2      | Noticed Natasha
  1492 | D:2      | Killed Natasha
  1502 | D:2      | Noticed Natasha
  1521 | D:2      | Slain by Natasha

Vault maps used:
D:1:      tarquinn_simple_flora_water_d
D:2:      nicolae_overflow_hidden_temple, first_bread, uniq_robin, uniq_natasha

Skill      XL: |  1  2 |
---------------+-------+-----
Fire Magic     | 4 |  4.3
Fighting       | |  0.1
Dodging        | |  2.8
Stealth        | |  2.8
Spellcasting   | |  3.7
Conjurations   | |  1.5

Action                   || total
-------------------------++-------
 Cast: Flame Tongue      ||    30
       Throw Flame       ||    10
  Use: Potion            ||     2
  Eat: Chunk             ||     2
